 Dungeon Sprint DCSS version 0.30-a0-777-ga9a30cbeda (webtiles) character file.

Game seed: 8402325180380692371

2000000 sircluck the Formicid Barricade (level 19, -41/189 HPs)
             Began as a Formicid Fighter on Feb 13, 2023.
             Annihilated by a large bag of meat
             ... wielding a +9 giant spiked club
              (76 damage)
             ... in the Dungeon (Sprint VIII: "Arena of Blood").
             The game lasted 00:02:03 (20 turns).

sircluck the Formicid Barricade (Formicid Fighter)    Turns: 20, Time: 00:02:04

Health: -41/189    AC: 13    Str: 28    XL:     19   Next: 94%
Magic:  17/32      EV: 14    Int:  9    God:
Gold:   0          SH: 11    Dex: 13    Spells: 36/36 levels left

rFire   . . .      SeeInvis +    i - +∞ Axe of Woe
rCold   . . .      Faith    .    c - +0 buckler
rNeg    . . .      Spirit   .    b - +0 scale mail
rPois   .          Reflect  .    (helmet unavailable)
rElec   .          Harm     .    (no cloak)
rCorr   .          Rampage  .    (no gloves)
Will    +....                    (no boots)
Stlth   ++++                     (no amulet)
HPRegen 0.51/turn                (no ring)
MPRegen 0.23/turn                (no ring)

@: no status effects
A: permanent stasis, dig shafts and tunnels, antennae 3, four strong arms
a: Dig


You were in the Dungeon.
You visited 1 branch

Inventory:

Hand Weapons
 a - a +0 war axe
 i - the +∞ Axe of Woe (weapon)
   (You found it in the Dungeon)
Armour
 b - a +0 scale mail (worn)
 c - a +0 buckler (worn)
Scrolls
 h - a scroll of blinking
Potions
 d - a potion of might
 e - a potion of curing
 f - a potion of heal wounds
 g - 2 potions of magic


   Skills:
 O Level 27 Fighting
 + Level 9.2(10.9) Short Blades
 + Level 9.2(10.9) Long Blades
 O Level 27 Axes
 + Level 9.2(20.5) Maces & Flails
 + Level 9.2(20.5) Polearms
 + Level 9.2(12.3) Staves
 + Level 9.2 Ranged Weapons
 + Level 9.2 Throwing
 O Level 27 Armour
 + Level 8.4 Dodging
 + Level 11.9 Stealth
 O Level 27 Shields
 + Level 9.2 Unarmed Combat
 + Level 9.2 Spellcasting
 + Level 8.4 Conjurations
 + Level 12.2 Hexes
 + Level 9.2 Summonings
 + Level 9.2 Necromancy
 + Level 8.4 Translocations
 + Level 10.0 Transmutations
 + Level 9.2 Fire Magic
 + Level 9.2 Ice Magic
 + Level 7.7 Air Magic
 + Level 10.9 Earth Magic
 + Level 13.2 Poison Magic
 + Level 12.2 Invocations
 + Level 11.2 Evocations


You had 36 spell levels left.
You didn't know any spells.
Your spell library was empty.

Dungeon Overview and Level Annotations

Branches:
Dungeon (1/1)

Altars:
Makhleb


Innate Abilities, Weirdness & Mutations

You cannot be hasted, slowed, berserked, paralysed or teleported.
You can dig through walls and to a lower floor.
You have a pair of large antennae on your head. (SInv)
Your four strong arms can wield two-handed weapons with a shield.


Message History

You kill the bag of meat!
You hear a shout! x3
A meat berserker comes into view. It is wielding a +9 battleaxe.
You hear a shout! x5
A bag of meat comes into view. It is wielding a +9 war axe.
Your base Short Blades skill increases to level 9!
Your base Long Blades skill increases to level 9!
Your base Maces & Flails skill increases to level 9!
Your base Polearms skill increases to level 9!
Your base Staves skill increases to level 9!
Your Ranged Weapons skill increases to level 9!
Your Throwing skill increases to level 9!
Your Dodging skill increases to level 8!
Your Stealth skill increases to level 11!
Your Unarmed Combat skill increases to level 9!
Your Spellcasting skill increases to level 9!
Your Conjurations skill increases to level 8!
Your Hexes skill increases to level 12!
Your Summonings skill increases to level 9!
Your Necromancy skill increases to level 9!
Your Translocations skill increases to level 8!
Your Transmutations skill increases to level 10!
Your Fire Magic skill increases to level 9!
Your Ice Magic skill increases to level 9!
Your Poison Magic skill increases to level 13!
Your Invocations skill increases to level 12!
Your Evocations skill increases to level 11!
You hear a shout! x6
A bag of meat comes into view. It is wielding a +9 war axe.
You block the large bag of meat's attack.
The large bag of meat hits you with a +9 giant spiked club!!!!
You hear a shout!
The bag of meat hits you with a +9 war axe!!
* * * LOW HITPOINT WARNING * * *
A bag of meat comes into view. It is wielding a +9 war axe.
You hear a shout! x4
Items here: )) == †.
The large bag of meat attacks as you move away!
The large bag of meat hits you with a +9 giant spiked club!!!!
You die... oo.....

.. ####.....##.##.
......o...o....
#........Oo#.#.
#.....o........
#..............
..#...Oooo......
VO....o@).......
......))).......{
......#)).....# {
#.....#)).....# .
....###o......###..
.........###.......
.#........_........
.......#.....#...
.......#_.<._#


You could see a destroyer, 2 large bags of meat, a meat berserker (berserk) and
11 bags of meat.

Vanquished Creatures
  4 ogres (D)
  26 orcs (D)
30 creatures vanquished.

Notes
Turn   | Place    | Note
-------+----------+-------------------------------------------
     0 | D        | Found the +∞ Axe of Woe
     0 | D        | sircluck the Formicid Fighter began the quest for the Orb.
     0 | D        | Reached XP level 1. HP: 18/18 MP: 1/1
     1 | D        | Noticed a bag of meat
     2 | D        | Noticed a bag of meat
     3 | D        | Noticed a bag of meat
     3 | D        | Noticed a bag of meat
     4 | D        | Noticed a bag of meat
     5 | D        | Noticed a bag of meat
     5 | D        | Noticed a bag of meat
     6 | D        | Noticed a meat berserker
     7 | D        | Noticed a bag of meat
     7 | D        | Noticed a bag of meat
     7 | D        | Noticed a meat berserker
     7 | D        | Noticed a bag of meat
     7 | D        | Noticed a bag of meat
     7 | D        | Noticed a bag of meat
     8 | D        | Noticed a bag of meat
     8 | D        | Noticed a bag of meat
     8 | D        | Noticed a bag of meat
     8 | D        | Noticed a bag of meat
     9 | D        | Killed a bag of meat
     9 | D        | Noticed a bag of meat
     9 | D        | Noticed a bag of meat
     9 | D        | Noticed a bag of meat
    10 | D        | Reached skill level 15 in Armour
    10 | D        | Reached XP level 2. HP: 45/45 MP: 2/2
    10 | D        | Reached XP level 3. HP: 51/51 MP: 3/3
    10 | D        | Reached XP level 4. HP: 58/58 MP: 4/4
    10 | D        | Reached XP level 5. HP: 64/64 MP: 5/5
    10 | D        | Reached XP level 6. HP: 71/71 MP: 6/6
    10 | D        | Reached XP level 7. HP: 78/78 MP: 7/7
    10 | D        | Reached XP level 8. HP: 85/85 MP: 8/8
    10 | D        | Reached XP level 9. HP: 91/91 MP: 9/9
    10 | D        | Reached XP level 10. HP: 98/98 MP: 10/10
    10 | D        | Reached XP level 11. HP: 104/104 MP: 11/11
    10 | D        | Killed a meat berserker
    10 | D        | Noticed a bag of meat
    10 | D        | Noticed a bag of meat
    10 | D        | Noticed a bag of meat
    10 | D        | Noticed a bag of meat
    11 | D        | Reached skill level 10 in Axes
    11 | D        | Reached XP level 12. HP: 120/120 MP: 12/12
    11 | D        | Reached XP level 13. HP: 127/127 MP: 13/13
    11 | D        | Killed a bag of meat
    11 | D        | Killed a bag of meat
    11 | D        | Killed a bag of meat
    11 | D        | Killed a bag of meat
    11 | D        | Killed a bag of meat
    11 | D        | Killed a bag of meat
    11 | D        | Noticed a meat berserker
    11 | D        | Noticed a bag of meat
    11 | D        | Noticed a large bag of meat
    11 | D        | Noticed a bag of meat
    12 | D        | Reached skill level 27 in Shields
    12 | D        | Reached XP level 14. HP: 130/148 MP: 14/14
    12 | D        | Reached XP level 15. HP: 136/155 MP: 15/15
    12 | D        | Killed a meat berserker
    12 | D        | Noticed a meat berserker
    13 | D        | Reached skill level 27 in Fighting
    13 | D        | Reached skill level 27 in Armour
    13 | D        | Reached XP level 16. HP: 147/167 MP: 16/16
    14 | D        | Reached skill level 27 in Axes
    14 | D        | Reached XP level 17. HP: 154/174 MP: 17/17
    15 | D        | Noticed a large bag of meat
    16 | D        | Reached skill level 5 in Short Blades
    16 | D        | Reached skill level 5 in Long Blades
    16 | D        | Reached skill level 5 in Maces & Flails
    16 | D        | Reached skill level 5 in Polearms
    16 | D        | Reached skill level 5 in Staves
    16 | D        | Reached skill level 5 in Ranged Weapons
    16 | D        | Reached skill level 5 in Throwing
    16 | D        | Reached skill level 5 in Unarmed Combat
    16 | D        | Reached skill level 5 in Spellcasting
    16 | D        | Reached skill level 5 in Summonings
    16 | D        | Reached skill level 5 in Necromancy
    16 | D        | Reached skill level 5 in Transmutations
    16 | D        | Reached skill level 5 in Fire Magic
    16 | D        | Reached skill level 5 in Ice Magic
    16 | D        | Reached XP level 18. HP: 149/182 MP: 17/25
    16 | D        | Killed a meat berserker
    17 | D        | Reached skill level 5 in Air Magic
    17 | D        | Reached skill level 10 in Poison Magic
    17 | D        | Killed a meat berserker
    18 | D        | Reached skill level 10 in Stealth
    18 | D        | Reached skill level 10 in Earth Magic
    18 | D        | Reached skill level 10 in Evocations
    18 | D        | Reached XP level 19. HP: 156/189 MP: 17/31
    18 | D        | Noticed a destroyer
    18 | D        | Noticed a meat berserker
    19 | D        | Reached skill level 10 in Transmutations
    20 | D        | Annihilated by a large bag of meat

Illustrated notes

Levels and vault maps discovered:
D:        meatsprint

Skill      XL: |  1  2  3  4  5  6  7  8  9 10 11 12 13 14 15 16 17 18 19 |
---------------+----------------------------------------------------------+-----
Fighting       | 16 19 25 27 | 27.0
Axes           | 8 10 16 25 27 | 27.0
Armour         | 15 19 24 27 | 27.0
Shields        | 18 22 27 | 27.0
Short Blades   | 5 8 9 |  9.2
Long Blades    | 5 8 9 |  9.2
Maces & Flails | 5 8 9 |  9.2
Polearms       | 5 8 9 |  9.2
Staves         | 5 8 9 |  9.2
Ranged Weapons | 5 8 9 |  9.2
Throwing       | 5 8 9 |  9.2
Dodging        | 4 7 8 |  8.4
Stealth        | 6 10 11 | 11.9
Unarmed Combat | 5 8 9 |  9.2
Spellcasting   | 5 8 9 |  9.2
Conjurations   | 4 7 8 |  8.4
Hexes          | 7 11 12 | 12.2
Summonings     | 5 8 9 |  9.2
Necromancy     | 5 8 9 |  9.2
Translocations | 4 7 8 |  8.4
Transmutations | 5 9 10 | 10.0
Fire Magic     | 5 8 9 |  9.2
Ice Magic      | 5 8 9 |  9.2
Air Magic      | 4 7 |  7.7
Earth Magic    | 6 10 | 10.9
Poison Magic   | 7 12 13 | 13.2
Invocations    | 7 11 12 | 12.2
Evocations     | 6 10 11 | 11.2

Action                     |  1- 3 |  4- 6 |  7- 9 | 10-12 | 13-15 | 16-18 | 19-21 || total
---------------------------+-------+-------+-------+-------+-------+-------+-------++-------
  Melee: Executioner's axe |     1 |       |       |     1 |     2 |     4 |     1 ||     9
  Block: Buckler           |       |       |       |       |       |       |     1 ||     1

Table legend: (Time is in decaauts)
 A = Elapsed time spent in this place.
 B = Non-inter-level travel time spent in this place.
 C = Inter-level travel time spent in this place.
 D = Time resting spent in this place.
 E = Time spent auto-exploring this place.
 F = Levels seen in this place.
 G = Mean time per level.
                   A        B        C        D        E       F      G
               +--------+--------+--------+--------+--------+-----+--------+
         Total |     19 |     19 |      0 |      0 |      0 |   1 |   19.0 |
       Dungeon |     19 |     19 |      0 |      0 |      0 |   1 |   19.0 |
               +--------+--------+--------+--------+--------+-----+--------+

Top non-repeatable levels by time:
       D: 19 daAuts
